[Event "ICC tourney 2481 (75 10)"]
[Site "Internet Chess Club"]
[Date "2021.03.27"]
[Round "3"]
[White "BRUDNO, STEPHEN:StevChess01"]
[Black "Kashyap, Manish B:mnm2"]
[Result "0-1"]
[ICCResult "White checkmated"]
[WhiteElo "1652"]
[BlackElo "1547"]
[Opening "QGD: exchange, positional line"]
[ECO "D35"]
[NIC "QO.16"]
[Time "19:02:36"]
[PlyCount "136"]
[TimeControl "4500+10"]

1. d4 Nf6 2. c4 e6 3. Nc3 d5 4. cxd5 exd5 5. Bg5 Be7 6. e3 O-O 7. Bd3 h6 8.
Bh4 c6 9. Qc2 Re8 10. Bg3 Bb4 11. Ne2 Nh5 12. Bxb8 Rxb8 13. O-O Nf6 14. a3
Bd6 15. b4 Qc7 16. Ng3 h5 17. Rfc1 h4 18. Nf1 Ng4 19. h3 Nf6 20. Nb5 Qe7
21. Nxd6 Qxd6 22. Qc5 Qxc5 23. bxc5 Bd7 24. Nd2 b5 25. cxb6 axb6 26. Nf3
Rec8 27. Nxh4 c5 28. dxc5 bxc5 29. Rab1 c4 30. Bf5 g6 31. Bxd7 Nxd7 32.
Rxb8 Rxb8 33. e4 dxe4 34. Rxc4 Re8 35. g3 e3 36. Kf1 Nf6 37. Ng2 Ne4 38.
Rc2 exf2 39. Ra2 Rc8 40. Ne3 Rc1+ 41. Kg2 Rg1+ 42. Kf3 Rxg3+ 43. Kxe4 Rxe3+
44. Kxe3 f1=Q 45. Kd4 Qxh3 46. a4 Qb3 47. Rd2 Qxa4+ 48. Kc3 Qa5+ 49. Kd3
Qxd2+ 50. Kxd2 f5 51. Ke3 g5 52. Kf3 Kf7 53. Kg3 Ke6 54. Kf3 Ke5 55. Ke3 g4
56. Kf2 Kf4 57. Kg2 g3 58. Kg1 Kf3 59. Kf1 g2+ 60. Kg1 f4 61. Kh2 Kf2 62.
Kh3 g1=Q 63. Kh4 Ke2 64. Kh5 f3 65. Kh4 f2 66. Kh3 f1=Q+ 67. Kh4 Qf4+ 68.
Kh5 Qgg5# { White checkmated } 0-1

[Event "ICC tourney 2481 (75 10)"]
[Site "Internet Chess Club"]
[Date "2021.03.27"]
[Round "3"]
[White "KERR, JOSHUA MORGAN:AbleCompany"]
[Black "MIYASAKA, JULIA KAITLYN:evilking"]
[Result "1-0"]
[ICCResult "Black forfeits on time"]
[WhiteElo "1673"]
[BlackElo "1774"]
[Opening "QGD: Tartakower (Makagonov-Bondarevsky) system, 8.cd Nxd5"]
[ECO "D59"]
[NIC "QO.10"]
[Time "19:02:14"]
[PlyCount "125"]
[TimeControl "4500+10"]

1. d4 d5 2. c4 e6 3. Nc3 Be7 4. Nf3 Nf6 5. Bg5 h6 6. Bh4 O-O 7. e3 b6 8.
cxd5 Nxd5 9. Bxe7 Qxe7 10. e4 Nxc3 11. bxc3 Bb7 12. Bd3 c5 13. O-O Nc6 14.
d5 exd5 15. exd5 Ne5 16. Re1 Nxf3+ 17. Qxf3 Qd6 18. c4 b5 19. Qe4 g6 20.
Qe7 Qxe7 21. Rxe7 bxc4 22. Bxc4 Rab8 23. d6 a5 24. h3 Bc6 25. d7 Kg7 26.
Rae1 Rbd8 27. R7e5 Bxd7 28. Rxc5 Rc8 29. Rxc8 Rxc8 30. Re4 Bf5 31. Rf4 Rc6
32. Bxf7 Kxf7 33. g4 Ke6 34. gxf5+ gxf5 35. Ra4 Ra6 36. Kg2 Kf6 37. Kg3 Kg5
38. h4+ Kf6 39. Kf4 Ke6 40. h5 Kf6 41. f3 Ke6 42. Rc4 Rb6 43. Rc5 Rb4+ 44.
Kg3 Ra4 45. Rc6+ Kf7 46. Rxh6 Rxa2 47. Kf4 a4 48. Kxf5 Rh2 49. Rh7+ Kg8 50.
Ra7 Rxh5+ 51. Kg4 Rh7 52. Rxa4 Rg7+ 53. Kf4 Rf7+ 54. Ke3 Rf6 55. Rg4+ Kh7
56. Ke4 Kh6 57. f4 Kh5 58. Rg5+ Kh6 59. Re5 Kg6 60. Rg5+ Kf7 61. Rf5 Ke6
62. Rb5 Kf7 63. f5 { Black forfeits on time } 1-0

[Event "ICC tourney 2481 (75 10)"]
[Site "Internet Chess Club"]
[Date "2021.03.28"]
[Round "4"]
[White "POWERS, LEON:PKAYLA"]
[Black "Lu, Samuel:chess-soccer"]
[Result "1-0"]
[ICCResult "Black resigns"]
[WhiteElo "1714"]
[BlackElo "1615"]
[Opening "Queen's pawn: London system"]
[ECO "A45"]
[NIC "QP.07"]
[Time "12:04:07"]
[PlyCount "58"]
[TimeControl "4500+10"]

1. d4 Nf6 2. Bf4 e6 3. e3 d5 4. Nf3 Bd6 5. Bg3 c5 6. c3 Nc6 7. Nbd2 O-O 8.
Bd3 Re8 9. Ne5 Qc7 10. f4 a6 11. a4 Ne7 12. O-O Nf5 13. Bf2 c4 14. Bc2 h5
15. h3 g6 16. g4 hxg4 17. hxg4 Ng7 18. Bh4 Be7 19. Qf3 Nd7 20. Bg3 Nxe5 21.
fxe5 Rf8 22. Kg2 Qd8 23. Rh1 f5 24. exf6 Rxf6 25. Qe2 g5 26. Be5 Rf7 27.
Bg6 Rf6 28. Bxf6 Bxf6 29. Raf1 Ne8 { Black resigns } 1-0

[Event "ICC tourney 2481 (75 10)"]
[Site "Internet Chess Club"]
[Date "2021.03.28"]
[Round "4"]
[White "OPASKA, MICHAEL:mopaska1106"]
[Black "CHERUKURI, NITESH:Niteshc"]
[Result "1-0"]
[ICCResult "Black checkmated"]
[WhiteElo "1945"]
[BlackElo "1690"]
[Opening "King's Indian: Sämisch, 5...O-O"]
[ECO "E81"]
[NIC "KI.48"]
[Time "12:04:04"]
[PlyCount "91"]
[TimeControl "4500+10"]

1. d4 Nf6 2. c4 g6 3. Nc3 Bg7 4. e4 O-O 5. f3 d6 6. Be3 Nbd7 7. Nge2 e5 8.
d5 Ne8 9. Nc1 f5 10. Nd3 a5 11. Be2 f4 12. Bf2 b6 13. O-O Ba6 14. Nb5 Nc5
15. a3 Bxb5 16. cxb5 Nxd3 17. Bxd3 h6 18. b4 axb4 19. axb4 Nf6 20. Ra6 Qc8
21. Qa4 g5 22. Ra1 Rb8 23. Ra7 Rb7 24. Qc2 Rf7 25. Qc6 Rxa7 26. Rxa7 Qd7
27. Bxb6 Qxc6 28. bxc6 cxb6 29. Rxf7 Ne8 30. Rd7 Kf8 31. c7 Nxc7 32. Rxc7
g4 33. fxg4 f3 34. gxf3 h5 35. h3 b5 36. Bxb5 Bh6 37. Bc6 Be3+ 38. Kg2 Bb6
39. Rb7 h4 40. Rxb6 Kg8 41. Rb7 Kf8 42. Rd7 Kg8 43. b5 Kf8 44. b6 Ke8 45.
b7 Kf8 46. b8=R# { Black checkmated } 1-0

[Event "ICC tourney 2481 (75 10)"]
[Site "Internet Chess Club"]
[Date "2021.03.28"]
[Round "4"]
[White "Santiago Gonzalez, Frida:fridanavys1"]
[Black "VATS, ATIKSH:avats"]
[Result "0-1"]
[ICCResult "White resigns"]
[WhiteElo "1850"]
[BlackElo "1577"]
[Opening "Réti opening"]
[ECO "A04"]
[NIC "QP.11"]
[Time "12:04:15"]
[PlyCount "106"]
[TimeControl "4500+10"]

1. Nf3 e6 2. d3 d5 3. g3 Nf6 4. Nbd2 Be7 5. e4 dxe4 6. dxe4 b6 7. Bg2 Bb7
8. e5 Nfd7 9. O-O O-O 10. Re1 c5 11. Ne4 Qc7 12. Bf4 Rd8 13. Qe2 Nc6 14. c3
Nf8 15. Rad1 Ng6 16. Nd6 Nxf4 17. gxf4 Bxd6 18. exd6 Rxd6 19. Rxd6 Qxd6 20.
Rd1 Qc7 21. f5 exf5 22. Re1 g6 23. Qc4 Rd8 24. Ng5 Na5 25. Qh4 h5 26. Bxb7
Nxb7 27. Nf3 Nd6 28. Rd1 Nb7 29. Re1 Kg7 30. Re7 Rd7 31. Re8 Nd6 32. Re1
Ne4 33. Qh3 Qf4 34. a4 Rd3 35. Re3 Rxe3 36. fxe3 Qxe3+ 37. Kg2 Nd2 38. Qg3
Qxf3+ 39. Qxf3 Nxf3 40. Kxf3 Kf6 41. h4 g5 42. hxg5+ Kxg5 43. b4 cxb4 44.
cxb4 h4 45. a5 bxa5 46. bxa5 a6 47. Kf2 Kg4 48. Kg2 f4 49. Kf2 f3 50. Kf1
Kg3 51. Kg1 f2+ 52. Kf1 h3 53. Ke2 Kg2 { White resigns } 0-1

[Event "ICC tourney 2481 (75 10)"]
[Site "Internet Chess Club"]
[Date "2021.03.28"]
[Round "4"]
[White "BONNELL, LEO W:bonnelleo1"]
[Black "CHERUKURI, DEVESH:Deveshc"]
[Result "1-0"]
[ICCResult "Black checkmated"]
[WhiteElo "1832"]
[BlackElo "1532"]
[Opening "Queen's pawn game, Darooha variation "]
[ECO "D02"]
[NIC "QP.08"]
[Time "12:04:04"]
[PlyCount "57"]
[TimeControl "4500+10"]

1. d4 d5 2. Nf3 Nf6 3. g3 Bf5 4. Bg2 e6 5. O-O Nbd7 6. c4 Bxb1 7. Rxb1 dxc4
8. Qa4 c6 9. Qc2 Nb6 10. Rd1 Nfd5 11. a3 Nc7 12. Ne5 Nb5 13. Nxc6 Qc7 14.
Na5 Nd5 15. Qa4 a6 16. Nxc4 Be7 17. e4 Nf6 18. Bf4 Qc6 19. d5 Qc5 20. Be3
Qc8 21. Nb6 Qb8 22. Nxa8 Qxa8 23. dxe6 fxe6 24. Qc4 e5 25. Rbc1 Rf8 26. Qe6
Nd7 27. Rxd7 Qd8 28. Rxd8+ Kxd8 29. Rc8# { Black checkmated } 1-0

[Event "ICC tourney 2481 (75 10)"]
[Site "Internet Chess Club"]
[Date "2021.03.28"]
[Round "4"]
[White "Patel, Arav:APBrain"]
[Black "TALWALKAR, VEDANT AMEYA:castle2king"]
[Result "1-0"]
[ICCResult "Black resigns"]
[WhiteElo "1669"]
[BlackElo "1644"]
[Opening "King's Indian: Petrosian system, Stein variation"]
[ECO "E92"]
[NIC "KI.17"]
[Time "12:04:01"]
[PlyCount "91"]
[TimeControl "4500+10"]

1. Nf3 Nf6 2. c4 g6 3. Nc3 Bg7 4. e4 d6 5. d4 O-O 6. Be2 e5 7. d5 a5 8. O-O
Na6 9. a3 Nc5 10. Bd3 Nfd7 11. Be3 f5 12. Qc2 f4 13. Bxc5 Nxc5 14. b4 Na6
15. Qb3 b6 16. Rfd1 g5 17. Na4 Bd7 18. c5 Bxa4 19. Qxa4 bxc5 20. Bxa6 Rxa6
21. bxc5 g4 22. Nd2 Bh6 23. cxd6 cxd6 24. Nc4 Qf6 25. f3 gxf3 26. gxf3 Kh8
27. Kh1 Qh4 28. Rg1 Bg7 29. Qd7 Qf6 30. Rg4 Qf7 31. Qb5 Raa8 32. Nxd6 Qc7
33. Nf5 Qc3 34. Rf1 Ra7 35. Qe2 Qxa3 36. Rfg1 Rg8 37. Qg2 Qf8 38. d6 a4 39.
Nxg7 Raxg7 40. Rxg7 Rxg7 41. Qxg7+ Qxg7 42. Rxg7 Kxg7 43. d7 a3 44. d8=Q a2
45. Qe7+ Kg6 46. Qxe5 { Black resigns } 1-0

[Event "ICC tourney 2481 (75 10)"]
[Site "Internet Chess Club"]
[Date "2021.03.28"]
[Round "4"]
[White "LI, DAVID TONGJIA:UltimateDL"]
[Black "YAN, NATHAN:Natey"]
[Result "0-1"]
[ICCResult "White resigns"]
[WhiteElo "1767"]
[BlackElo "1868"]
[Opening "Scotch: Potter variation"]
[ECO "C45"]
[NIC "SO.05"]
[Time "12:04:16"]
[PlyCount "138"]
[TimeControl "4500+10"]

1. e4 e5 2. Nf3 Nc6 3. d4 exd4 4. Nxd4 Bc5 5. Nb3 Bb6 6. Qe2 Nf6 7. Nc3 O-O
8. Be3 d5 9. exd5 Nxd5 10. Rd1 Nxc3 11. Rxd8 Nxe2 12. Rxf8+ Kxf8 13. Kxe2
Bf5 14. c3 Re8 15. Kf3 Bxe3 16. fxe3 Ne5+ 17. Kf4 Bd3 18. Nc5 Bxf1 19. Rxf1
b6 20. Na6 Nd3+ 21. Kf3 Nxb2 22. Nxc7 Rc8 23. Nb5 a6 24. Nd6 Rxc3 25. Rb1
Na4 26. Rb4 b5 27. Re4 g6 28. Re8+ Kg7 29. Re7 Kf6 30. Ra7 Rc6 31. Nxf7 Nc3
32. Nd8 Rd6 33. Nb7 Rc6 34. Na5 Rb6 35. Rxh7 Nxa2 36. Kf4 Nc1 37. e4 Nd3+
38. Ke3 Ne5 39. Kf4 b4 40. Nb3 Nf7 41. Rh3 g5+ 42. Ke3 a5 43. Rf3+ Kg6 44.
Nxa5 b3 45. Rf1 b2 46. Rb1 Ne5 47. Kd4 Rb5 48. Nc4 Nxc4 49. Kxc4 Re5 50.
Kd4 Rb5 51. Kc3 Re5 52. Kd3 Rb5 53. g4 Kf6 54. Kc3 Ke5 55. Rxb2 Rxb2 56.
Kxb2 Kxe4 57. Kc3 Kf4 58. h3 Kg3 59. Kd4 Kxh3 60. Ke3 Kxg4 61. Kf2 Kf4 62.
Kg2 Kg4 63. Kf2 Kh3 64. Kg1 Kg3 65. Kh1 Kh3 66. Kg1 g4 67. Kh1 g3 68. Kg1
g2 69. Kf2 Kh2 { White resigns } 0-1

[Event "ICC tourney 2481 (75 10)"]
[Site "Internet Chess Club"]
[Date "2021.03.28"]
[Round "4"]
[White "Xun, Yuxuan:xunyux0"]
[Black "MEIYAPPAN, KAVYA:kavyameiyappan"]
[Result "0-1"]
[ICCResult "White resigns"]
[WhiteElo "1585"]
[BlackElo "1612"]
[Opening "English: symmetrical variation"]
[ECO "A36"]
[NIC "EO.64"]
[Time "12:04:05"]
[PlyCount "40"]
[TimeControl "4500+10"]

1. c4 c5 2. Nc3 Nc6 3. g3 Nf6 4. Bg2 e6 5. e3 Be7 6. Nge2 O-O 7. O-O b6 8.
d4 cxd4 9. exd4 d5 10. Bg5 Ba6 11. Bxf6 Bxf6 12. cxd5 Bxe2 13. Qxe2 Nxd4
14. Qd1 exd5 15. Nxd5 Rc8 16. Rb1 Re8 17. Re1 Qd6 18. b3 h6 19. Rc1 Rxe1+
20. Qxe1 Rxc1 { White resigns } 0-1

[Event "ICC tourney 2481 (75 10)"]
[Site "Internet Chess Club"]
[Date "2021.03.28"]
[Round "4"]
[White "WANG, KEVIN:Deepbrainfinal"]
[Black "WANG, MAXWELL GEORG:MaxWang"]
[Result "1/2-1/2"]
[ICCResult "Game drawn by mutual agreement"]
[WhiteElo "1415"]
[BlackElo "1778"]
[Opening "QGD: 3...Nf6"]
[ECO "D35"]
[NIC "QO.16"]
[Time "12:04:12"]
[PlyCount "119"]
[TimeControl "4500+10"]

1. d4 d5 2. c4 e6 3. Nc3 Nf6 4. e3 c5 5. dxc5 Bxc5 6. cxd5 exd5 7. Nf3 O-O
8. Be2 Nc6 9. O-O Bf5 10. a3 Bb6 11. b4 d4 12. exd4 Nxd4 13. Bb2 Nxe2+ 14.
Nxe2 Qxd1 15. Raxd1 Rfe8 16. Ng3 Bg4 17. a4 a6 18. a5 Ba7 19. Rc1 Ne4 20.
Nxe4 Rxe4 21. Ba3 b6 22. axb6 Bxb6 23. Rc6 Rb8 24. Nd2 Re6 25. Rxe6 Bxe6
26. Rc1 Rc8 27. Rxc8+ Bxc8 28. Kf1 f6 29. Ke2 Kf7 30. Nc4 Bc7 31. h3 Bb7
32. g3 Bc6 33. Kd3 Ke6 34. Bb2 Bb5 35. Kd4 Bb8 36. Kc5 Ba7+ 37. Nb6 Ke7 38.
Bd4 Ke6 39. Be3 Ke5 40. Bf4+ Ke4 41. Be3 Bxb6+ 42. Kxb6 Kd5 43. Bc5 Kc4 44.
f4 Kd5 45. Bf8 g6 46. Kc7 Ke4 47. Kd6 Kf3 48. f5 gxf5 49. Ke6 Kxg3 50. Kxf5
Kxh3 51. Kxf6 h5 52. Kg5 Be2 53. Bd6 Kg2 54. Kh4 Kf2 55. Bc5+ Ke1 56. Bf8
Kd2 57. Bc5 Kd3 58. Be7 Ke4 59. Bf8 Bg4 60. Bc5 { Game drawn by mutual
agreement } 1/2-1/2

[Event "ICC tourney 2481 (75 10)"]
[Site "Internet Chess Club"]
[Date "2021.03.28"]
[Round "4"]
[White "JIANG, LEYOU:karuto2006"]
[Black "SU, JASMINE ZHIXIN:chessisthebest1"]
[Result "1-0"]
[ICCResult "Black resigns"]
[WhiteElo "1831"]
[BlackElo "1806"]
[Opening "Sicilian: Najdorf, Byrne (English) attack"]
[ECO "B90"]
[NIC "SI.14"]
[Time "12:04:14"]
[PlyCount "89"]
[TimeControl "4500+10"]

1. e4 c5 2. Nf3 d6 3. d4 cxd4 4. Nxd4 Nf6 5. Nc3 a6 6. Be3 e5 7. Nb3 Be6 8.
f3 h5 9. Qd2 Nbd7 10. O-O-O Be7 11. Kb1 b5 12. Nd5 Bxd5 13. exd5 Nb6 14.
Bxb6 Qxb6 15. Na5 Rc8 16. c4 bxc4 17. Nxc4 Qc5 18. Na5 Bd8 19. Nc6 O-O 20.
Rc1 Qb6 21. Bc4 Nd7 22. a4 Nb8 23. a5 Qb7 24. Qc3 Kh8 25. Be2 Bf6 26. Qc4
Rc7 27. Rc3 Rfc8 28. Rb3 Qa8 29. Rb6 Nxc6 30. dxc6 Rxc6 31. Qxa6 Qxa6 32.
Bxa6 Bd8 33. Bxc8 Bxb6 34. Bd7 Rc7 35. axb6 Rxd7 36. Rc1 Rb7 37. Rc6 Kg8
38. Kc2 Kf8 39. Kb3 Ke7 40. Kc4 Ke6 41. Kb5 Kd7 42. Rc1 d5 43. Ka6 Rb8 44.
b7 d4 45. Ka7 { Black resigns } 1-0

[Event "ICC tourney 2481 (75 10)"]
[Site "Internet Chess Club"]
[Date "2021.03.28"]
[Round "4"]
[White "Renderer, Winslow Scott:BEASTMODE1"]
[Black "HEBBAR, ESHAAN:solveur"]
[Result "0-1"]
[ICCResult "White resigns"]
[WhiteElo "1727"]
[BlackElo "1611"]
[Opening "King's Indian: Larsen variation"]
[ECO "E90"]
[NIC "KI.21"]
[Time "12:04:20"]
[PlyCount "130"]
[TimeControl "4500+10"]

1. d4 Nf6 2. c4 g6 3. Nf3 Bg7 4. Nc3 O-O 5. e4 d6 6. Be3 Nbd7 7. Qd2 e5 8.
d5 b6 9. b4 a5 10. b5 Nc5 11. Bxc5 bxc5 12. h3 Ne8 13. a4 f5 14. O-O-O fxe4
15. Nxe4 h6 16. Bd3 Bf5 17. Ng3 Qf6 18. Bxf5 gxf5 19. Nh5 Qg6 20. Nxg7 Qxg7
21. Rhg1 e4 22. Kc2 Qh7 23. Nh4 f4 24. f3 e3+ 25. Qd3 Qxd3+ 26. Kxd3 Kh7
27. g3 h5 28. Rde1 Rd8 29. gxf4 Rxf4 30. Ng6 Rxf3 31. Rxe3 Rxe3+ 32. Kxe3
Ng7 33. Kd3 Re8 34. Nh4 Rf8 35. Re1 Rf7 36. Re3 Kh6 37. Nf3 Rf4 38. Kc3 h4
39. Nd2 Rf7 40. Nb3 Kg5 41. Nxa5 Kf4 42. Rd3 Re7 43. Nc6 Re8 44. Kb3 Ke4
45. Rd1 Kf5 46. Rf1+ Kg6 47. Rf3 Nf5 48. Rd3 Ng3 49. a5 Ne2 50. Kc2 Nf4 51.
Rd2 Kf5 52. b6 cxb6 53. axb6 Nxh3 54. b7 Nf4 55. b8=Q Rxb8 56. Nxb8 h3 57.
Na6 Ng2 58. Nc7 h2 59. Rf2+ Ke4 60. Re2+ Kf3 61. Re8 h1=Q 62. Rf8+ Ke4 63.
Re8+ Kd4 64. Ne6+ Kxc4 65. Nc7 Qh7+ { White resigns } 0-1

[Event "ICC tourney 2481 (75 10)"]
[Site "Internet Chess Club"]
[Date "2021.03.28"]
[Round "4"]
[White "Nesham, William Joseph:FireFox95"]
[Black "MAZUMDAR, SHAURYA:raremystery"]
[Result "1-0"]
[ICCResult "Black checkmated"]
[WhiteElo "1990"]
[BlackElo "1673"]
[Opening "Giuoco Piano"]
[ECO "C54"]
[NIC "IG.02"]
[Time "12:04:02"]
[PlyCount "117"]
[TimeControl "4500+10"]

1. e4 e5 2. Nf3 Nc6 3. Bc4 Bc5 4. c3 Nf6 5. d3 d6 6. b4 Bb6 7. O-O O-O 8.
a4 a6 9. Bg5 h6 10. Bh4 Be6 11. Nbd2 Re8 12. Qb3 g5 13. Bg3 d5 14. exd5
Bxd5 15. Ne4 Bxc4 16. Qxc4 Nxe4 17. dxe4 Qf6 18. Rfd1 Qe6 19. Qxe6 Rxe6 20.
b5 g4 21. bxc6 gxf3 22. cxb7 Rb8 23. a5 Bc5 24. Rab1 fxg2 25. Rd7 Bd6 26.
c4 Kf8 27. c5 Ke8 28. c6 Re7 29. Rxd6 cxd6 30. Rb6 f6 31. f3 Rc7 32. Rxa6
Rcxb7 33. cxb7 Rxb7 34. Rxd6 Ke7 35. Rb6 Rxb6 36. axb6 Kd7 37. Kxg2 Kc6 38.
Bf2 Kb7 39. Kh3 Kc6 40. Kh4 Kd6 41. Kh5 Kc6 42. Kxh6 f5 43. exf5 e4 44.
fxe4 Kb7 45. Bd4 Kc6 46. Kg6 Kb7 47. h4 Kc6 48. h5 Kb7 49. h6 Ka6 50. h7
Kb7 51. h8=Q Ka6 52. Qa8+ Kb5 53. b7 Kc4 54. b8=Q Kxd4 55. e5 Ke3 56. e6
Kf2 57. f6 Kg1 58. Qb2 Kf1 59. Qaa1# { Black checkmated } 1-0

[Event "ICC tourney 2481 (75 10)"]
[Site "Internet Chess Club"]
[Date "2021.03.28"]
[Round "4"]
[White "MUNAGANURI, VAMSI:TacticalVM"]
[Black "NEMMALI, PRATEEK R:Priccchess"]
[Result "0-1"]
[ICCResult "White checkmated"]
[WhiteElo "1678"]
[BlackElo "1822"]
[Opening "Philidor: exchange variation"]
[ECO "C41"]
[NIC "KP.08"]
[Time "12:04:09"]
[PlyCount "60"]
[TimeControl "4500+10"]

1. e4 e5 2. Nf3 d6 3. d4 exd4 4. Nxd4 Nf6 5. Nc3 Be7 6. Bc4 a6 7. a4 Nc6 8.
Nxc6 bxc6 9. O-O O-O 10. Re1 Bb7 11. Bg5 h6 12. Bxf6 Bxf6 13. Qd3 Re8 14.
Rab1 Qd7 15. f3 a5 16. b3 Rad8 17. Rbd1 d5 18. exd5 Rxe1+ 19. Rxe1 cxd5 20.
Rd1 Qe8 21. Bxd5 c6 22. Ne4 Rxd5 23. Nxf6+ gxf6 24. Qf1 Qe3+ 25. Kh1 Re5
26. h3 c5 27. Qb5 Bxf3 28. gxf3 Qxf3+ 29. Kh2 Re2+ 30. Kg1 Qg2# { White
checkmated } 0-1

[Event "ICC tourney 2481 (75 10)"]
[Site "Internet Chess Club"]
[Date "2021.03.28"]
[Round "4"]
[White "PU, LANDON:landonp"]
[Black "BRUDNO, STEPHEN:StevChess01"]
[Result "0-1"]
[ICCResult "White resigns"]
[WhiteElo "1483"]
[BlackElo "1652"]
[Opening "Sicilian: O'Kelly variation"]
[ECO "B28"]
[NIC "SI.43"]
[Time "12:04:05"]
[PlyCount "92"]
[TimeControl "4500+10"]

1. e4 c5 2. Nf3 a6 3. d4 cxd4 4. Nxd4 Nf6 5. Nc3 e5 6. Nb3 Bb4 7. f3 d5 8.
exd5 Nxd5 9. Bd2 Nxc3 10. bxc3 Bd6 11. Bd3 Be6 12. O-O O-O 13. Be3 Qc7 14.
Be4 Rd8 15. Qe1 Nd7 16. Rd1 Nf6 17. Bg5 Be7 18. Bd3 Nd5 19. Bxe7 Nxe7 20.
Qe3 Nd5 21. Qg5 f6 22. Qh4 g6 23. c4 Ne3 24. Qxf6 Qf7 25. Qxe5 Nxf1 26.
Rxf1 Bxc4 27. Bxc4 Qxc4 28. Re1 Qf7 29. Qg5 Re8 30. Rd1 Qe6 31. Nc5 Qe3+
32. Qxe3 Rxe3 33. Nxb7 Rc3 34. Rd3 Rxc2 35. Ra3 Rb8 36. Rb3 Rxa2 37. Nc5
Rxb3 38. Nxb3 Kf7 39. Nd4 Ke7 40. Kf1 Kd6 41. Ne2 Kc5 42. g4 a5 43. h4 Rb2
44. Nf4 Kd4 45. Ne2+ Ke3 46. Nc1 Rb1 { White resigns } 0-1

[Event "ICC tourney 2481 (75 10)"]
[Site "Internet Chess Club"]
[Date "2021.03.28"]
[Round "4"]
[White "Bian, Erin:funpawn"]
[Black "Xiao, Marina:marinaxiao"]
[Result "1-0"]
[ICCResult "Black resigns"]
[WhiteElo "1812"]
[BlackElo "1484"]
[Opening "Sicilian: Pelikan, Chelyabinsk variation"]
[ECO "B33"]
[NIC "SI.37"]
[Time "12:04:08"]
[PlyCount "125"]
[TimeControl "4500+10"]

1. e4 c5 2. Nf3 Nc6 3. d4 cxd4 4. Nxd4 Nf6 5. Nc3 e5 6. Ndb5 d6 7. Bg5 a6
8. Na3 b5 9. Nd5 Be7 10. Bxf6 Bxf6 11. c3 O-O 12. Nc2 Bg5 13. a4 bxa4 14.
Rxa4 a5 15. Bc4 Rb8 16. b3 Kh8 17. Nce3 Ne7 18. Nxe7 Bxe7 19. Qa1 Bb7 20.
Nd5 Ra8 21. Qb1 Bg5 22. Qd3 Bc6 23. Ra1 Bd7 24. Ne3 Bxe3 25. Qxe3 f5 26.
exf5 Bxf5 27. O-O Bc2 28. Ra2 Bg6 29. Bd5 Ra6 30. b4 Bf7 31. Bxf7 Rxf7 32.
Rfa1 Rb7 33. h3 Rb5 34. Qd3 Qb6 35. Rxa5 Rbxa5 36. Rxa5 Rxa5 37. bxa5 Qxa5
38. Qxd6 h6 39. Qb8+ Kh7 40. Qb1+ Kh8 41. Qc1 Qc5 42. c4 Kg8 43. Qc3 Kh8
44. Qd3 Qb4 45. Qe4 Qc3 46. g3 Kg8 47. Qd5+ Kh7 48. c5 Qe1+ 49. Kg2 e4 50.
c6 Qe2 51. Qf5+ g6 52. Qf7+ Kh8 53. c7 Qc2 54. Qf8+ Kh7 55. c8=Q Qxc8 56.
Qxc8 e3 57. fxe3 g5 58. e4 g4 59. Qxg4 h5 60. Qxh5+ Kg7 61. e5 Kg8 62. e6
Kg7 63. e7 { Black resigns } 1-0

[Event "ICC tourney 2481 (75 10)"]
[Site "Internet Chess Club"]
[Date "2021.03.28"]
[Round "4"]
[White "AYYAPPAN, SANTHOSH:SanthoshA"]
[Black "Kashyap, Mahati B:mnm1"]
[Result "1/2-1/2"]
[ICCResult "Game drawn by repetition"]
[WhiteElo "1661"]
[BlackElo "1515"]
[Opening "Sicilian"]
[ECO "B56"]
[NIC "SI.25"]
[Time "12:04:06"]
[PlyCount "149"]
[TimeControl "4500+10"]

1. e4 c5 2. Nf3 d6 3. d4 cxd4 4. Nxd4 Nf6 5. Nc3 Nc6 6. f3 e5 7. Nb3 Be7 8.
Be3 Be6 9. Be2 d5 10. exd5 Nxd5 11. Nxd5 Qxd5 12. Qxd5 Bxd5 13. O-O O-O-O
14. c3 f5 15. Rad1 Rhe8 16. Bd3 g6 17. Bc2 b6 18. Rfe1 Bh4 19. Bf2 Bf6 20.
Nc1 Na5 21. b3 Nb7 22. c4 Bc6 23. Nd3 e4 24. fxe4 Bxe4 25. a4 Bc3 26. Rf1
Na5 27. c5 Kb7 28. cxb6 axb6 29. Ne1 Bxc2 30. Nxc2 Nxb3 31. Rb1 Nd4 32.
Nxd4 Bxd4 33. a5 Bxf2+ 34. Rxf2 Re6 35. Rfb2 Rdd6 36. axb6 Rxb6 37. Rxb6+
Rxb6 38. Re1 Rc6 39. Rb1+ Kc7 40. Kf2 Kd6 41. Rb7 h6 42. Rh7 h5 43. Rg7 Ke5
44. Re7+ Re6 45. Rxe6+ Kxe6 46. Ke2 g5 47. g3 g4 48. Kd2 Kd6 49. Ke2 Ke6
50. Kd2 f4 51. gxf4 Kf5 52. Ke3 h4 53. Ke2 Ke4 54. Ke1 Kxf4 55. Kf2 Ke4 56.
Kg2 Ke3 57. h3 g3 58. Kg1 Kf4 59. Kf1 Kf3 60. Kg1 Ke2 61. Kg2 Ke3 62. Kg1
Kf3 63. Kf1 Ke3 64. Kg1 Kf4 65. Kf1 Kf3 66. Kg1 Ke4 67. Kg2 Kd3 68. Kf1 Kd2
69. Kg1 Ke1 70. Kg2 Ke2 71. Kg1 Ke1 72. Kg2 Ke2 73. Kg1 Ke1 74. Kg2 Ke2 75.
Kg1 { Game drawn by repetition } 1/2-1/2

[Event "ICC tourney 2481 (75 10)"]
[Site "Internet Chess Club"]
[Date "2021.03.28"]
[Round "4"]
[White "DINESH, ABINAV:abi2009"]
[Black "KERR, JOSHUA MORGAN:AbleCompany"]
[Result "1-0"]
[ICCResult "Black resigns"]
[WhiteElo "1632"]
[BlackElo "1673"]
[Opening "Sicilian: dragon, Yugoslav attack"]
[ECO "B75"]
[NIC "SI.17"]
[Time "12:04:01"]
[PlyCount "85"]
[TimeControl "4500+10"]

1. e4 c5 2. Nf3 d6 3. d4 cxd4 4. Nxd4 Nf6 5. Nc3 g6 6. Be3 Bg7 7. f3 h5 8.
Qd2 a6 9. Bc4 b5 10. Bb3 Bb7 11. O-O-O Nbd7 12. h3 Rc8 13. Kb1 Ne5 14. g4
Nc4 15. Bxc4 Rxc4 16. Rhf1 Qc7 17. g5 Nd7 18. f4 b4 19. Nd5 Bxd5 20. exd5
O-O 21. Nc6 a5 22. f5 Rxc6 23. dxc6 Qxc6 24. f6 exf6 25. Qxd6 Qe4 26. Bd4
Rc8 27. Qxd7 Qxc2+ 28. Ka1 a4 29. gxf6 Bf8 30. Be5 b3 31. Qd2 Qc4 32. Rc1
Qa6 33. Rxc8 Qxc8 34. Rd1 Qxh3 35. Bd6 Bxd6 36. Qxd6 Qf3 37. Re1 Kh7 38.
Qe7 Qf2 39. Qxf7+ Kh6 40. Qe7 a3 41. Qe3+ Qxe3 42. Rxe3 h4 43. Rf3 { Black
resigns } 1-0

[Event "ICC tourney 2481 (75 10)"]
[Site "Internet Chess Club"]
[Date "2021.03.28"]
[Round "4"]
[White "Aravindakshan, Sahana:TigerSahi"]
[Black "RAJU, YAKSHWAG REDDY:Yakshwag"]
[Result "0-1"]
[ICCResult "White resigns"]
[WhiteElo "1641"]
[BlackElo "1441"]
[Opening "King's Indian: Four pawns attack"]
[ECO "E76"]
[NIC "KI.31"]
[Time "12:04:11"]
[PlyCount "118"]
[TimeControl "4500+10"]

1. d4 Nf6 2. c4 g6 3. Nc3 Bg7 4. e4 d6 5. f4 e5 6. fxe5 dxe5 7. d5 O-O 8.
Nf3 c6 9. Bd3 Qb6 10. Qe2 cxd5 11. cxd5 Nbd7 12. Be3 Qd8 13. O-O Ng4 14.
Bd2 Nc5 15. Bc2 f5 16. h3 fxe4 17. Nxe4 Nxe4 18. Bxe4 Nf6 19. Nxe5 Nxe4 20.
Rxf8+ Qxf8 21. Qxe4 Bf5 22. Qf4 Qc5+ 23. Kh1 Qxd5 24. Qc4 Rd8 25. Qxd5+
Rxd5 26. Nf3 Be4 27. Ng5 Bxg2+ 28. Kxg2 Rxd2+ 29. Kf3 h6 30. Ne4 Rxb2 31.
Rg1 Kh7 32. Rg2 Rxg2 33. Kxg2 g5 34. Kf3 a5 35. Nd6 b6 36. Nc4 Bd4 37. a4
Kg6 38. Ke4 Bc5 39. Kd5 h5 40. Ke4 g4 41. hxg4 hxg4 42. Kf4 Kh5 43. Kg3 Kg5
44. Kg2 Kf4 45. Nb2 g3 46. Nd3+ Ke4 47. Ne1 Bf2 48. Nf3 Kd5 49. Nd2 Kc5 50.
Ne4+ Kb4 51. Nxf2 gxf2 52. Kxf2 Kxa4 53. Ke3 b5 54. Kd3 Kb3 55. Kd2 Kb2 56.
Kd3 a4 57. Kd4 a3 58. Kc5 a2 59. Kxb5 a1=Q { White resigns } 0-1